| TOP OF THE 1ST |
|
Orem Owlz batting - Pitching for Detroit (APP) Tigers : RHP Cam Hurley
|
|
Pitching: RHP Cam Hurley
|
|
|
Batting: RHB Ken Hillman
|
0-0: Called Strike 0-1: SOLO HOME RUN (Flyball, 7D, EV 96.2 MPH), Distance : 363 ft
|
|
Batting: RHB Fred Saxton
|
0-0: Ball 1-0: Ball 2-0: Ball 3-0: Base on Balls
|
|
Batting: RHB Daniel Molina
|
0-0: TRIPLE (Flyball, 8LXD, EV 90.6 MPH) Fred Saxton scores
|
|
Batting: RHB Brian Spry
|
0-0: Foul Ball, location: 2F 0-1: Foul Ball, location: 2F 0-2: Ball 1-2: Fly out, F2 (Popup, 23F, EV 87.5 MPH)
|
|
Batting: LHB David Coatney
|
0-0: Ball 1-0: Ball 2-0: Swinging Strike 2-1: Foul Ball, location: 2F 2-2: Foul Ball, location: 2F 2-2: Foul Ball, location: 2F 2-2: Ball 3-2: Foul Ball, location: 2F 3-2: Foul Ball, location: 2F 3-2: Base on Balls
|
|
Pitching: RHP David Kalinsky
|
|
|
Batting: RHB Jesse Sargent
|
0-0: Ball 1-0: Called Strike 1-1: Ball 2-1: Ground out 5-3 (Groundball, 5S, EV 74.4 MPH) Daniel Molina scores David Coatney to second
|
|
Batting: SHB Marty Kuehn
|
0-0: Ball 1-0: Foul Ball, location: 2F 1-1: Ball 2-1: Ball 3-1: Fly out, F9 (Flyball, 9LMF, EV 88.8 MPH)
|
| Top of the 1st over - 3 runs, 2 hits, 0 errors, 1 left on base; Orem 3 - Detroit (APP) 0 |
| BOTTOM OF THE 1ST |
|
Detroit (APP) Tigers batting - Pitching for Orem Owlz : LHP Troy Trombino
|
|
Pitching: LHP Troy Trombino
|
|
|
Batting: RHB Alex Duarte
|
0-0: Ball 1-0: Fly out, F6 (Flyball, 6MD, EV 88.1 MPH)
|
|
Batting: RHB Cody Kafer
|
0-0: Ball 1-0: Ball 2-0: Ball 3-0: Base on Balls
|
|
Batting: RHB Nate Dabney
|
0-0: Ball 1-0: Fielders Choice at 2nd, 4-6 (Groundball, 34S, EV 89.4 MPH)
|
|
Batting: RHB George Sonier
|
0-0: Ball Pickoff Throw to First - Out! 1-3
|
| Bottom of the 1st over - 0 runs, 0 hits, 0 errors, 0 left on base; Orem 3 - Detroit (APP) 0 |
| TOP OF THE 2ND |
|
Orem Owlz batting - Pitching for Detroit (APP) Tigers : RHP David Kalinsky
|
|
Batting: RHB Steve Neely
|
0-0: Called Strike 0-1: Called Strike 0-2: Strikes out looking
|
|
Batting: RHB Carlos Gonzales
|
0-0: Called Strike 0-1: Called Strike 0-2: Strikes out swinging
|
|
Batting: RHB Ken Hillman
|
0-0: Called Strike 0-1: Foul Ball, location: 2F 0-2: Ball 1-2: Foul Ball, location: 2F 1-2: Ground out 1-3 (Groundball, 15S, EV 63.1 MPH)
|
| Top of the 2nd over - 0 runs, 0 hits, 0 errors, 0 left on base; Orem 3 - Detroit (APP) 0 |
| BOTTOM OF THE 2ND |
|
Detroit (APP) Tigers batting - Pitching for Orem Owlz : LHP Troy Trombino
|
|
Batting: RHB George Sonier
|
0-0: Foul Ball, location: 2F 0-1: Called Strike 0-2: Ball 1-2: Foul Ball, location: 2F 1-2: Strikes out looking
|
|
Batting: RHB Tony Murray
|
0-0: Foul Ball, location: 2F 0-1: Ground out 5-3 (Groundball, 56S, EV 87.5 MPH)
|
|
Batting: LHB Simon Barry
|
0-0: Called Strike 0-1: Foul Ball, location: 2F 0-2: Ball 1-2: Ball 2-2: Foul Ball, location: 2F 2-2: Ball 3-2: Foul Ball, location: 2F 3-2: Foul Ball, location: 2F 3-2: Ground out 6-3 (Groundball, 6M, EV 81.2 MPH)
|
| Bottom of the 2nd over - 0 runs, 0 hits, 0 errors, 0 left on base; Orem 3 - Detroit (APP) 0 |
| TOP OF THE 3RD |
|
Orem Owlz batting - Pitching for Detroit (APP) Tigers : RHP David Kalinsky
|
|
Batting: RHB Fred Saxton
|
0-0: Called Strike 0-1: Ball 1-1: Hit by Pitch
|
|
Batting: RHB Daniel Molina
|
0-0: Ball 1-0: Swinging Strike 1-1: Hit by Pitch Fred Saxton to second
|
|
Batting: RHB Brian Spry
|
0-0: Ball 1-0: Called Strike 1-1: Foul Ball, location: 2F 1-2: Fielders Choice at 2nd, 3-6 (Groundball, 34, EV 86.2 MPH) Fred Saxton to third
|
|
Batting: LHB David Coatney
|
0-0: Foul Ball, location: 2F 0-1: Ball 1-1: Ball 2-1: Foul Ball, location: 2F 2-2: Ball 3-2: Base on Balls Brian Spry to second
|
|
Batting: RHB Jesse Sargent
|
0-0: Ball 1-0: Ball 2-0: Foul Ball, location: 2F 2-1: Swinging Strike 2-2: Ball 3-2: Base on Balls Fred Saxton scores Brian Spry to third David Coatney to second
|
|
Batting: SHB Marty Kuehn
|
0-0: Called Strike 0-1: Ball 1-1: Foul Ball, location: 2F 1-2: Fielders Choice at 2nd, 3-6 (Groundball, 3, EV 79.4 MPH) Brian Spry scores David Coatney to third
|
|
Batting: RHB Steve Neely
|
0-0: Ground out 1-3 (Groundball, 15S, EV 69.4 MPH)
|
| Top of the 3rd over - 2 runs, 0 hits, 0 errors, 2 left on base; Orem 5 - Detroit (APP) 0 |
| BOTTOM OF THE 3RD |
|
Detroit (APP) Tigers batting - Pitching for Orem Owlz : LHP Troy Trombino
|
|
Batting: RHB Yasutaka Yamasaki
|
0-0: Called Strike 0-1: Called Strike 0-2: Ball 1-2: Ball 2-2: Strikes out swinging
|
|
Batting: SHB Salvador Lacosta
|
0-0: Called Strike 0-1: Ball 1-1: Foul Ball, location: 2F 1-2: Ball 2-2: SINGLE (Line Drive, 6M, EV 94.4 MPH)
|
|
Batting: RHB Victor Acuna
|
0-0: Called Strike 0-1: Called Strike 0-2: Foul Ball, location: 2F 0-2: Fly out, F3 (Popup, 3SF, EV 83.1 MPH)
|
|
Batting: RHB Alex Duarte
|
0-0: Hit by Pitch Salvador Lacosta to second
|
|
Batting: RHB Cody Kafer
|
0-0: Ball 1-0: Ground out U3 (Groundball, 34S, EV 86.2 MPH)
|
| Bottom of the 3rd over - 0 runs, 1 hit, 0 errors, 2 left on base; Orem 5 - Detroit (APP) 0 |
| TOP OF THE 4TH |
|
Orem Owlz batting - Pitching for Detroit (APP) Tigers : RHP David Kalinsky
|
|
Batting: RHB Carlos Gonzales
|
0-0: Ball 1-0: Ball 2-0: Ball 3-0: Base on Balls
|
|
Batting: RHB Ken Hillman
|
0-0: Ball 1-0: Fielders Choice at 2nd, 5-4 (Groundball, 56, EV 105.0 MPH)
|
|
Batting: RHB Fred Saxton
|
0-0: Ball 1-0: SINGLE (Line Drive, 89S, EV 92.5 MPH) Ken Hillman to second Runner from 2nd tries for 3rd, SAFE, throw by RF made to third
|
|
Batting: RHB Daniel Molina
|
0-0: Ball Fred Saxton is caught stealing 2nd base 2-4 1-0: Foul Ball, location: 2F 1-1: Ball 2-1: Foul Ball, location: 2F 2-2: Ball 3-2: Foul Ball, location: 2F 3-2: Base on Balls
|
|
Pitching: RHP Mark Crawford
|
|
|
Batting: RHB Brian Spry
|
0-0: Fielders Choice at 2nd, 6-4 (Groundball, 6, EV 88.1 MPH)
|
| Top of the 4th over - 0 runs, 1 hit, 0 errors, 2 left on base; Orem 5 - Detroit (APP) 0 |
| BOTTOM OF THE 4TH |
|
Detroit (APP) Tigers batting - Pitching for Orem Owlz : LHP Troy Trombino
|
|
Batting: RHB Nate Dabney
|
0-0: Ball 1-0: SOLO HOME RUN (Flyball, 7LD, EV 95.0 MPH), Distance : 345 ft
|
|
Batting: RHB George Sonier
|
0-0: Ball 1-0: Called Strike 1-1: Foul Ball, location: 2F 1-2: Strikes out swinging
|
|
Batting: RHB Tony Murray
|
0-0: Ball 1-0: Ball 2-0: Ball 3-0: Base on Balls
|
|
Batting: LHB Simon Barry
|
0-0: Fly out, F7 (Flyball, 7S, EV 76.2 MPH)
|
|
Batting: RHB Yasutaka Yamasaki
|
0-0: Called Strike 0-1: Ball 1-1: Ball 2-1: Foul Ball, location: 2F 2-2: DOUBLE (Flyball, 78XD, EV 104.4 MPH) Tony Murray to third Runner from 3rd tries for Home, SAFE, no throw by LF
|
|
Batting: SHB Salvador Lacosta
|
0-0: 2-RUN HOME RUN (Line Drive, 78XD, EV 100.0 MPH), Distance : 400 ft
|
|
Batting: RHB Victor Acuna
|
0-0: Foul Ball, location: 2F 0-1: Ball 1-1: Swinging Strike 1-2: Ball 2-2: Ball 3-2: Foul Ball, location: 2F 3-2: Base on Balls
|
|
Batting: RHB Alex Duarte
|
0-0: Called Strike 0-1: Ball 1-1: Foul Ball, location: 2F 1-2: Strikes out swinging
|
| Bottom of the 4th over - 4 runs, 3 hits, 0 errors, 1 left on base; Orem 5 - Detroit (APP) 4 |
| TOP OF THE 5TH |
|
Orem Owlz batting - Pitching for Detroit (APP) Tigers : RHP Mark Crawford
|
|
Batting: LHB David Coatney
|
0-0: Called Strike 0-1: Ball 1-1: Ball 2-1: Ball 3-1: SOLO HOME RUN (Line Drive, 7LD, EV 91.2 MPH), Distance : 349 ft
|
|
Batting: RHB Jesse Sargent
|
0-0: SINGLE (Line Drive, 8RS, EV 96.9 MPH)
|
|
Batting: SHB Marty Kuehn
|
0-0: Ball 1-0: Foul Ball, location: 2F 1-1: Called Strike 1-2: Ball 2-2: Fly out, F7 (Flyball, 7, EV 86.2 MPH)
|
|
Batting: RHB Steve Neely
|
0-0: Called Strike Jesse Sargent is caught stealing 2nd base 2-4 0-1: Foul Ball, location: 2F 0-2: Hit by Pitch
|
|
Batting: RHB Carlos Gonzales
|
0-0: Ball 1-0: Ball Steve Neely steals 2nd base 2-0: Swinging Strike 2-1: Swinging Strike 2-2: Strikes out swinging
|
| Top of the 5th over - 1 run, 2 hits, 0 errors, 1 left on base; Orem 6 - Detroit (APP) 4 |
| BOTTOM OF THE 5TH |
|
Detroit (APP) Tigers batting - Pitching for Orem Owlz : LHP Troy Trombino
|
|
Batting: RHB Cody Kafer
|
0-0: Ball 1-0: Ground out 6-3 (Groundball, 56, EV 85.0 MPH)
|
|
Batting: RHB Nate Dabney
|
0-0: Ball 1-0: Ball 2-0: Ball 3-0: Called Strike 3-1: Called Strike 3-2: Base on Balls
|
|
Batting: RHB George Sonier
|
0-0: Ball 1-0: Ball 2-0: Ball 3-0: Called Strike 3-1: Foul Ball, location: 2F 3-2: Foul Ball, location: 2F 3-2: Foul Ball, location: 2F 3-2: Base on Balls Nate Dabney to second
|
|
Batting: RHB Tony Murray
|
0-0: Ball 1-0: Called Strike 1-1: Grounds into double play, 6-4-3 (Groundball, 6, EV 103.1 MPH)
|
| Bottom of the 5th over - 0 runs, 0 hits, 0 errors, 1 left on base; Orem 6 - Detroit (APP) 4 |
| TOP OF THE 6TH |
|
Orem Owlz batting - Pitching for Detroit (APP) Tigers : RHP Mark Crawford
|
|
Batting: RHB Ken Hillman
|
0-0: Foul Ball, location: 2F 0-1: Called Strike 0-2: Ball 1-2: Ground out 4-3 (Groundball, 4, EV 77.5 MPH)
|
|
Batting: RHB Fred Saxton
|
0-0: Ball 1-0: Ball 2-0: SOLO HOME RUN (Flyball, 78XD, EV 104.4 MPH), Distance : 411 ft
|
|
Batting: RHB Daniel Molina
|
0-0: Called Strike 0-1: Foul Ball, location: 2F 0-2: Ball 1-2: Ball 2-2: Strikes out swinging
|
|
Pitching: RHP Alvaro Patino
|
|
|
Batting: RHB Brian Spry
|
0-0: Ball 1-0: Ball 2-0: Foul Ball, location: 2F 2-1: Swinging Strike 2-2: Ball 3-2: Base on Balls
|
|
Batting: LHB David Coatney
|
0-0: DOUBLE (Line Drive, 5D, EV 110.6 MPH) Brian Spry to third
|
|
Batting: RHB Jesse Sargent
|
0-0: Ball 1-0: Called Strike 1-1: Called Strike 1-2: Foul Ball, location: 2F 1-2: Fly out, F8 (Flyball, 8LD, EV 102.5 MPH)
|
| Top of the 6th over - 1 run, 2 hits, 0 errors, 2 left on base; Orem 7 - Detroit (APP) 4 |
| BOTTOM OF THE 6TH |
|
Detroit (APP) Tigers batting - Pitching for Orem Owlz : LHP Troy Trombino
|
|
Batting: LHB Simon Barry
|
0-0: Called Strike 0-1: Called Strike 0-2: Ball 1-2: Strikes out swinging
|
|
Pitching: RHP Carlos Olbera
|
|
|
Batting: RHB Yasutaka Yamasaki
|
0-0: Ball 1-0: Reached on error, E7 (Line Drive, 78M, EV 103.1 MPH)
|
|
Batting: SHB Salvador Lacosta
|
0-0: Called Strike 0-1: Foul Ball, location: 2F 0-2: Foul Ball, location: 2F 0-2: Ball 1-2: Strikes out swinging
|
|
Batting: RHB Victor Acuna
|
0-0: Called Strike 0-1: Fly out, F7 (Line Drive, 78M, EV 102.5 MPH)
|
| Bottom of the 6th over - 0 runs, 0 hits, 1 error, 1 left on base; Orem 7 - Detroit (APP) 4 |
| TOP OF THE 7TH |
|
Orem Owlz batting - Pitching for Detroit (APP) Tigers : RHP Alvaro Patino
|
|
Batting: SHB Marty Kuehn
|
0-0: Ball 1-0: Called Strike 1-1: Called Strike 1-2: Ground out 6-3 (Groundball, 6, EV 93.8 MPH)
|
|
Pinch Hitting: RHB Shawn Jansen
|
0-0: Ball 1-0: Called Strike 1-1: Ball 2-1: Swinging Strike 2-2: Ball 3-2: Foul Ball, location: 2F 3-2: SINGLE (Groundball, 25, EV 68.1 MPH) (infield hit)
|
|
Batting: RHB Carlos Gonzales
|
0-0: Ball 1-0: Ball 2-0: Foul Ball, location: 2F 2-1: Swinging Strike 2-2: Strikes out swinging
|
|
Batting: RHB Ken Hillman
|
0-0: Foul Ball, location: 2F 0-1: Called Strike 0-2: Ground out U3 (Groundball, 3, EV 91.2 MPH)
|
| Top of the 7th over - 0 runs, 1 hit, 0 errors, 1 left on base; Orem 7 - Detroit (APP) 4 |
| BOTTOM OF THE 7TH |
|
Detroit (APP) Tigers batting - Pitching for Orem Owlz : RHP Carlos Olbera
|
|
Now in RF: Kevin Feldman
|
|
|
Batting: RHB Alex Duarte
|
0-0: Foul Ball, location: 2F 0-1: Called Strike 0-2: SINGLE (Line Drive, 5D, EV 94.4 MPH)
|
|
Batting: RHB Cody Kafer
|
0-0: Ball 1-0: Foul Ball, location: 2F 1-1: Foul Ball, location: 2F 1-2: Ball 2-2: DOUBLE (Groundball, 5L, EV 111.9 MPH) Alex Duarte to third
|
|
Pitching: RHP Dean Aspden
|
|
|
Batting: RHB Nate Dabney
|
0-0: Swinging Strike 0-1: Foul Ball, location: 2F 0-2: Foul Ball, location: 2F 0-2: Ball 1-2: Strikes out looking
|
|
Batting: RHB George Sonier
|
0-0: Called Strike 0-1: Foul Ball, location: 2F 0-2: Foul Ball, location: 2F 0-2: Ball 1-2: Foul Ball, location: 2F 1-2: Ball 2-2: Foul Ball, location: 2F 2-2: Ball 3-2: Foul Ball, location: 2F 3-2: Foul Ball, location: 2F 3-2: Ground out 6-3 (Groundball, 6, EV 101.9 MPH) Alex Duarte scores
|
|
Batting: RHB Tony Murray
|
0-0: Called Strike 0-1: Called Strike 0-2: Ball 1-2: Foul Ball, location: 2F 1-2: Fly out, F8 (Flyball, 8LM, EV 75.6 MPH)
|
| Bottom of the 7th over - 1 run, 2 hits, 0 errors, 1 left on base; Orem 7 - Detroit (APP) 5 |
| TOP OF THE 8TH |
|
Orem Owlz batting - Pitching for Detroit (APP) Tigers : RHP Alvaro Patino
|
|
Batting: RHB Fred Saxton
|
0-0: Foul Ball, location: 2F 0-1: Ground out U3 (Groundball, 34S, EV 79.4 MPH)
|
|
Batting: RHB Daniel Molina
|
0-0: Called Strike 0-1: Ground out 6-3 (Groundball, 6, EV 101.9 MPH)
|
|
Batting: RHB Brian Spry
|
0-0: Ball 1-0: Fly out, F5 (Popup, 6S, EV 77.5 MPH)
|
| Top of the 8th over - 0 runs, 0 hits, 0 errors, 0 left on base; Orem 7 - Detroit (APP) 5 |
| BOTTOM OF THE 8TH |
|
Detroit (APP) Tigers batting - Pitching for Orem Owlz : RHP Dean Aspden
|
|
Batting: LHB Simon Barry
|
0-0: Swinging Strike 0-1: Ball 1-1: Ball 2-1: Foul Ball, location: 2F 2-2: Foul Ball, location: 2F 2-2: Strikes out looking
|
|
Batting: RHB Yasutaka Yamasaki
|
0-0: Ball 1-0: Swinging Strike 1-1: Fly out, F8 (Flyball, 8RXD, EV 105.6 MPH)
|
|
Pitching: RHP Michael Coleman
|
|
|
Batting: SHB Salvador Lacosta
|
0-0: Called Strike 0-1: Ground out 1-3 (Groundball, 13S, EV 73.1 MPH)
|
| Bottom of the 8th over - 0 runs, 0 hits, 0 errors, 0 left on base; Orem 7 - Detroit (APP) 5 |
| TOP OF THE 9TH |
|
Orem Owlz batting - Pitching for Detroit (APP) Tigers : RHP Alvaro Patino
|
|
Batting: LHB David Coatney
|
0-0: Called Strike 0-1: Ball 1-1: Ball 2-1: Swinging Strike 2-2: Strikes out looking
|
|
Batting: RHB Jesse Sargent
|
0-0: Called Strike 0-1: Hit by Pitch
|
|
Pitching: RHP Mike Valdivia
|
|
|
Batting: SHB Marty Kuehn
|
0-0: Called Strike 0-1: Foul Ball, location: 2F 0-2: Ball 1-2: Ball 2-2: Strikes out looking
|
|
Batting: LHB Kevin Feldman
|
0-0: Ball 1-0: Foul Ball, location: 2F 1-1: DOUBLE (Flyball, 7D, EV 96.9 MPH) Jesse Sargent to third Runner from 3rd tries for Home, SAFE, throw by LF to trailing runner, OUT at third! 7-3-5
|
| Top of the 9th over - 1 run, 1 hit, 0 errors, 0 left on base; Orem 8 - Detroit (APP) 5 |
| BOTTOM OF THE 9TH |
|
Detroit (APP) Tigers batting - Pitching for Orem Owlz : RHP Michael Coleman
|
|
Pitching: RHP Jerry Romero
|
|
|
Batting: RHB Victor Acuna
|
0-0: Ball 1-0: Ball 2-0: Ball 3-0: Called Strike 3-1: Called Strike 3-2: Foul Ball, location: 2F 3-2: Foul Ball, location: 2F 3-2: Base on Balls
|
|
Pinch Hitting: SHB Franklin Garza
|
0-0: Called Strike 0-1: Foul Ball, location: 2F 0-2: Foul Ball, location: 2F 0-2: Foul Ball, location: 2F 0-2: Ball Passed Ball! Victor Acuna to second 1-2: Strikes out swinging
|
|
Batting: RHB Cody Kafer
|
0-0: Swinging Strike 0-1: Ground out U3 (Groundball, 3, EV 86.9 MPH) Victor Acuna to third
|
|
Batting: RHB Nate Dabney
|
0-0: Ball 1-0: Foul Ball, location: 2F 1-1: Swinging Strike 1-2: Strikes out looking
|
| Bottom of the 9th over - 0 runs, 0 hits, 0 errors, 1 left on base; Orem 8 - Detroit (APP) 5 |
|